Map: Ulrena

Players

InSaneDnim - Winner!

  • Race: Protoss Protoss
  • League: Silver

Jhyrachy

  • Race: Protoss Protoss
  • League: Gold

VOD

Have the link to the VOD?

Description

Time

  • Played on: May 26, 2016, 2:42 p.m.
  • Length: 5:36
Show
View Real Time Build Order
Export as new Build Order

InSaneDnim Protoss - Winner!

Build Orders: Oracle Opening 

Get SALT Encoding   

  12  0:01  Probe (Chrono Boost)  
  13  0:14  Pylon  
  13  0:20  Probe (Chrono Boost)  
  14  0:34  Gateway  
  14  0:40  Assimilator  
  14  0:41  Probe (Chrono Boost)  
  15  0:52  Probe (Chrono Boost)  
  16  1:05  Gateway  
  16  1:07  Assimilator  
  16  1:09  Probe (Chrono Boost)  
  17  1:22  Cybernetics Core  
  17  1:24  Probe (Chrono Boost)  
  18  1:33  Pylon  
  18  1:36  Probe (Chrono Boost)  
  20  1:47  Probe (Chrono Boost)  
  20  1:59  Stargate  
  20  2:01  Probe (Chrono Boost)  
  21  2:07  Warp Gate (Chrono Boost)  
  21  2:18  Adept  
  21  2:20  Adept  
  25  2:24  Probe  
  26  2:36  Probe  
  27  2:43  Oracle  
  30  2:48  Probe  
  31  3:44  Nexus  
  31  3:46  Pylon  
  31  3:48  Pylon  
  31  3:53  Robotics Facility  
  31  3:54  Pylon  
  31  3:59  Pylon  
  31  4:04  Probe  
  30  5:27  Pylon  
  32  5:33  Gateway  
  32  5:36  Gateway  
Show
View Real Time Build Order
Export as new Build Order

Jhyrachy Protoss 

Build Orders:  

Get SALT Encoding   

  12  0:01  Probe (Chrono Boost)  
  13  0:19  Probe (Chrono Boost)  
  14  0:29  Probe (Chrono Boost)  
  14  0:31  Pylon  
  15  0:49  Probe (Chrono Boost)  
  16  0:57  Assimilator  
  16  0:59  Gateway  
  16  1:00  Probe (Chrono Boost)  
  17  1:10  Probe (Chrono Boost)  
  18  1:17  Pylon  
  18  1:21  Probe (Chrono Boost)  
  19  1:31  Probe (Chrono Boost)  
  20  1:42  Probe (Chrono Boost)  
  21  1:48  Cybernetics Core  
  21  1:50  Gateway  
  21  1:51  Pylon  
  21  2:02  Assimilator  
  21  2:06  Probe (Chrono Boost)  
  22  2:17  Probe (Chrono Boost)  
  22  2:21  Nexus  
  23  2:29  Warp Gate (Chrono Boost)  
  23  2:48  Adept x2  
  27  3:04  Gateway  
  28  3:20  Adept x2  
  4  4:25  Stalker  
  4  4:26  Stalker x2  
  10  4:41  Probe  
  11  4:52  Probe  
  12  5:04  Probe  
  12  5:06  Stalker  
Tags
 
Add a new tag
Caveats
  • Supply blocks, unpowered buildings, or Contaminate may cause inaccurate times.
  • Supply counts are checked every 10 seconds.